 Dungeon Crawl Stone Soup version 0.14.2 (webtiles) character file.

21 Amnesiac the Ducker (level 2, -5/14 HPs)
             Began as a Spriggan Artificer on Feb 4, 2018.
             Slain by a kobold
             ... wielding a +0,+0 whip
              (6 damage)
             ... on Level 1 of the Dungeon.
             The game lasted 00:00:25 (459 turns).

Amnesiac the Ducker (Spriggan Artificer)             Turns: 459, Time: 00:00:26

HP  -5/14        AC  2     Str  7      XL: 2   Next:  3%
MP   5/5         EV 19     Int 13      God:
Gold 12          SH  0     Dex 16      Spells:  0 memorised,  1 level left

rFire  . . .     SeeInvis +     a - +0 short sword
rCold  . . .     Clarity  .     e - +0 robe
rNeg   . . .     Conserve .     (shield restricted)
rPois  .         rCorr    .     (helmet restricted)
rElec  .         rRot     .     (no cloak)
SustAb . .       Spirit   .     (gloves unavailable)
rMut   .         Warding  .     (boots unavailable)
Saprov . . .     Stasis   .     (no amulet)
MR     .....                    (no ring)
                                (no ring)

@: very quick, not resistant to hostile enchantments, fairly stealthy
A: unfitting armour, see invisible, herbivore 3, speed 3, slow metabolism 2
a: no special abilities


You were on level 1 of the Dungeon.
You were not hungry.

You visited 1 branch of the dungeon, and saw 1 of its levels.

You collected 12 gold pieces.

Inventory:

Hand weapons
 a - a +0,+0 short sword (weapon)
Armour
 e - a +0 robe (worn)
Magical devices
 b - a wand of flame (15)
 c - a wand of enslavement (15)
 d - a wand of random effects (15)
Comestibles
 h - an apple
Scrolls
 g - a scroll of identify {!r, unknown}
Potions
 f - a potion of porridge {!q}


   Skills:
 - Level 0.7 Fighting
 - Level 1.1 Short Blades
 - Level 4.1 Dodging
 - Level 1.5 Stealth
 + Level 4.0 Evocations


You had one spell level left.
You didn't know any spells.

Dungeon Overview and Level Annotations

Branches:
Dungeon (1/15)

Altars:


Innate Abilities, Weirdness & Mutations

You are tiny and cannot use many weapons and most armour.
You have supernaturally acute eyesight.
You are a herbivore.
You cover ground extremely quickly.
You need consume almost no food.


Message History

The giant newt closely misses you.
You barely miss the giant newt. The giant newt bites you.
You miss the giant newt. The giant newt closely misses you.
You hit the giant newt.
You kill the giant newt!
No target in view!
g - a scroll labeled STOC BEJEY {!r} No target in view!
Things that are here:
a dagger; a goblin corpse
h - an apple No target in view!
Found a spear.
No target in view!
A giant cockroach comes into view.
A giant cockroach is nearby!
Failed to move towards target.
A giant cockroach is nearby!
Failed to move towards target.
Failed to move towards target.
Failed to move towards target.
The giant cockroach barely misses you.
You hit the giant cockroach.
The giant cockroach is lightly wounded.
The giant cockroach barely misses you.
You hit the giant cockroach.
The giant cockroach is almost dead.
The giant cockroach bites you. The giant cockroach barely misses you.
You closely miss the giant cockroach.
The giant cockroach is severely wounded.
The giant cockroach completely misses you.
You hit the giant cockroach but do no damage.
The giant cockroach is severely wounded.
The giant cockroach bites you.
* * * LOW HITPOINT WARNING * * *
You hit the giant cockroach.
You kill the giant cockroach!
You have reached level 2!
You start resting.
A kobold comes into view. It is wielding a whip.
The kobold moves out of view.
The kobold shouts!
The kobold hits you with a whip.
* * * LOW HITPOINT WARNING * * *
You closely miss the kobold. The kobold closely misses you.
You hit the kobold but do no damage. The kobold hits you with a whip.
* * * LOW HITPOINT WARNING * * *
You hit the kobold.
The kobold is moderately wounded.
The kobold misses you.
You barely miss the kobold.
The kobold is moderately wounded.
The kobold hits you but does no damage.
You barely miss the kobold.
The kobold is moderately wounded.
The kobold hits you but does no damage.
You closely miss the kobold.
The kobold is moderately wounded.
The kobold hits you with a whip.
* * * LOW HITPOINT WARNING * * *
You hit the kobold but do no damage.
The kobold is moderately wounded.
The kobold hits you with a whip.
You die...

#..# #.##...#......# #..#
#.#...........#
.#..#####.#.#.........#### .
...................%...... ...
#..##...............%#### ....
#..##.............##.####
.....#..##..........>.........
.....P..%##....................
♣♣.P....@K...............
♣♣.P.#................####
♣♣♣..#............##.#####
♣PP..#....................
♣).P......................
PP................#.♣♣♣♣♣.
...P...###.##........#♣♣♣♣..♣
#....................♣♣♣......
#.......###.##.......♣♣P...P♣♣


You could see a kobold.

Vanquished Creatures
  A giant cockroach (D:1)
  A goblin (D:1)
  3 hobgoblins (D:1)
  A giant newt (D:1)
  2 rats (D:1)
8 creatures vanquished.

Notes
Turn   | Place    | Note
--------------------------------------------------------------
     0 | D:1      | Amnesiac, the Spriggan Artificer, began the quest for the Orb.
     0 | D:1      | Reached XP level 1. HP: 9/9 MP: 2/2
   419 | D:1      | Reached XP level 2. HP: 6/14 MP: 5/5
   459 | D:1      | Slain by a kobold

Action                   || total
-------------------------++-------
Melee: Short sword       ||    34
 Stab: Sleeping          ||     1
